 Dungeon Crawl Stone Soup version 0.31.0-9-g3a7656b989 (webtiles) character file.

Game seed: 13775160703514887474

41 qw the Shooter (level 3, -2/20 HPs)
             Began as a Deep Elf Hunter on Feb 2, 2024.
             Slain by a gnoll
             ... wielding a +0 club
              (6 damage)
             ... on level 2 of the Dungeon.
             The game lasted 00:00:03 (928 turns).

qw the Shooter (Deep Elf Hunter)                     Turns: 928, Time: 00:00:04

Health: -2/20      AC:  4    Str:  8    XL:     3   Next: 32%
Magic:  5/5        EV:  8    Int: 13    God:
Gold:   25         SH:  4    Dex: 18    Spells: 2/2 levels left

rFire   + . .        a - +0 shortbow
rCold   . . .        (shield currently unavailable)
rNeg    . . .        j - +0 scale mail
rPois   .            d - +0 helmet
rElec   .            (no cloak)
rCorr   .            (no gloves)
SInv    .            (no boots)
Will    .....        (no amulet)
Stlth   +            f - ring of protection from fire
HPRegen 0.23/turn    (no ring)
MPRegen 0.09/turn

%: no passive effects
@: no status effects
A: hooves 1, large bone plates 1, deformed body, weak 1
a: no special abilities


You were on level 2 of the Dungeon.
You visited 1 branch of the dungeon, and saw 2 of its levels.

You collected 25 gold pieces.


Innate Abilities, Weirdness & Mutations

You have large cloven feet.
You are partially covered in large bone plates. (SH +4)
Armour fits poorly on your strangely shaped body.
You are weak. (Str -2)


   Skills:
 - Level 1.5 Fighting
 + Level 6.9 Ranged Weapons
 - Level 2.4 Dodging
 - Level 1.2 Stealth


You had 2 spell levels left.
You didn't know any spells.
Your spell library was empty.

Inventory:

Hand Weapons
 a - a +0 shortbow (weapon)
Armour
 d - a +0 helmet (worn)
 j - a +0 scale mail (worn)
Jewellery
 f - a ring of protection from fire (left hand)
Potions
 g - a potion of lignification {unknown}
 h - a potion of curing {unknown}

Dungeon Overview and Level Annotations

Branches:
Dungeon (2/15)

Altars:


Message History

A gnoll comes into view. It is wielding a +0 whip.
911 ||| RETREEEEATING.
The gnoll shouts!
You hear a shout!
913 ||| RETREEEEATING.
You shoot an arrow. The arrow hits the gnoll!
The gnoll is heavily wounded.
You shoot an arrow. The arrow barely misses the gnoll.
The gnoll barely misses you.
You shoot an arrow. The arrow hits the gnoll.
The gnoll is severely wounded.
The gnoll hits you but does no damage. The gnoll hits you with a +0 whip.
You shoot an arrow. The arrow closely misses the gnoll.
The arrow hits the gnoll.
The gnoll is lightly wounded.
The gnoll hits you but does no damage.
918 ||| RETREEEEATING.
The gnoll hits you with a +0 spear. The gnoll hits you but does no damage.
919 ||| RETREEEEATING.
The gnoll barely misses you. x2
920 ||| RETREEEEATING.
The gnoll misses you.
921 ||| RETREEEEATING.
The gnoll hits you but does no damage. You block the gnoll's attack.
922 ||| RETREEEEATING.
923 ||| RETREEEEATING.
You shoot an arrow. The arrow hits the gnoll.
The gnoll is severely wounded.
The gnoll hits you from afar with a +0 spear.
The gnoll hits you with a +0 whip. You block the gnoll's attack.
The gnoll hits you from afar with a +0 spear.
925 ||| RETREEEEATING.
You shoot an arrow. The arrow barely misses the gnoll.
You shoot an arrow. The arrow hits the gnoll!
The gnoll is severely wounded.
The gnoll closely misses you.
You shoot an arrow. The arrow hits the gnoll.
The gnoll is heavily wounded.
The gnoll closely misses you. The gnoll barely misses you.
You block the gnoll's attack. The gnoll hits you with a +0 club.
You die...

#####
######... #
#......#
#.##......#
#.........#
####..g...#
#<.gg..#
###g##.#
#@##..g..)..
#.#######...
#.# #.# #.#
#.# #.# #.#


You could see 4 gnolls.

Vanquished Creatures
  A dart slug (D:1)
  4 endoplasms
  2 giant cockroaches (D:1)
  2 goblins (D:1)
  6 hobgoblins (D:1)
  6 jackals (D:1)
  A quokka (D:1)
  3 ball pythons (D:1)
  2 bats (D:1)
  4 kobolds (D:1)
  2 rats (D:1)
33 creatures vanquished.

Notes
Turn   | Place    | Note
-------+----------+-------------------------------------------
     0 | D:1      | qw the Deep Elf Hunter began the quest for the Orb.
     0 | D:1      | Reached XP level 1. HP: 12/12 MP: 3/3
     0 | D:1      | 0 ||| qw: Version: 0.3-a-155-g5e7d8dd
     0 | D:1      | 0 ||| qw: Game counter: 58
     0 | D:1      | 0 ||| qw: Melee chars always use a shield: true
     0 | D:1      | 0 ||| qw: God list: Okawaru
     0 | D:1      | 0 ||| qw: Allow faded altars: false
     0 | D:1      | 0 ||| qw: Do Orc after clearing Dungeon:15 true
     0 | D:1      | 0 ||| qw: Do second Lair branch before Depths: true
     0 | D:1      | 0 ||| qw: Lair rune preference: random
     0 | D:1      | 0 ||| qw: Goals: Normal
     0 | D:1      | 0 ||| PLANNING D:1-11
   125 | D:1      | Reached skill level 6 in Ranged Weapons
   125 | D:1      | Reached XP level 2. HP: 16/16 MP: 4/4
   371 | D:1      | Reached XP level 3. HP: 17/20 MP: 5/5
   710 | D:1      | 710 ||| UPGRADING to +0 helmet.
   715 | D:1      | 715 ||| UPGRADING to +0 scale mail.
   725 | D:1      | 725 ||| DROPPING +0 leather armour.
   726 | D:1      | 726 ||| UPGRADING to ring of protection from fire.
   727 | D:1      | 727 ||| READING scroll labelled UWUISUGGEM.
   728 | D:1      | 728 ||| READING scroll labelled ETHINAP ICHOHE.
   829 | D:1      | 829 ||| DRINKING 2 black potions.
   829 | D:1      | Gained mutation: You are partially covered in iridescent
                  | scales. (AC +2) [potion of mutation]
   829 | D:1      | Gained mutation: You are vulnerable to cold. (rC-) [potion
                  | of mutation]
   829 | D:1      | Gained mutation: You are robust. (+10% HP) [potion of
                  | mutation]
   834 | D:1      | 834 ||| DRINKING potion of mutation.
   834 | D:1      | Lost mutation: You are robust. (+10% HP) [potion of
                  | mutation]
   834 | D:1      | Lost mutation: You are partially covered in iridescent
                  | scales. (AC +2) [potion of mutation]
   834 | D:1      | Lost mutation: You are vulnerable to cold. (rC-) [potion of
                  | mutation]
   834 | D:1      | Gained mutation: You have large cloven feet. [potion of
                  | mutation]
   834 | D:1      | Gained mutation: Armour fits poorly on your strangely
                  | shaped body. [potion of mutation]
   834 | D:1      | Gained mutation: You are weak. (Str -2) [potion of
                  | mutation]
   834 | D:1      | Gained mutation: You are partially covered in large bone
                  | plates. (SH +4) [potion of mutation]
   835 | D:1      | 835 ||| DROPPING scroll of butterflies.
   911 | D:2      | 911 ||| RETREEEEATING.
   913 | D:2      | 913 ||| RETREEEEATING.
   918 | D:2      | 918 ||| RETREEEEATING.
   919 | D:2      | 919 ||| RETREEEEATING.
   920 | D:2      | 920 ||| RETREEEEATING.
   921 | D:2      | 921 ||| RETREEEEATING.
   922 | D:2      | 922 ||| RETREEEEATING.
   923 | D:2      | 923 ||| RETREEEEATING.
   924 | D:2      | HP: 4/20 [gnoll/+0 whip (3)]
   925 | D:2      | 925 ||| RETREEEEATING.
   928 | D:2      | Slain by a gnoll

Levels and vault maps discovered:
D:1:      doesnt_arrival_eight_statues, layout_basic
D:2:      layout_loops_ring, wander_ebering_terrifying_dragon_lair, uniq_terence

Skill      XL: |  1 |
---------------+----+-----
Ranged Weapons | 6 |  6.9
Fighting       | |  1.5
Dodging        | |  2.4
Stealth        | |  1.2

Action                     || total
---------------------------++-------
   Fire: Shortbow          ||    91
    Use: Scroll            ||     2
         Potion            ||     2
 Armour: Leather armour    ||     8
         Scale mail        ||    10
  Dodge: Dodged            ||    20
  Block: Other             ||     3

Table legend:
 A = Non-vault XP
 B = Vault XP
 C = Vault XP percentage of total XP
 D = Non-vault monster count
 E = Vault monster count
 F = Vault count percentage of total count
                 A         B        C        D         E       F
            +---------+---------+-------+---------+---------+-------
      Total |      59 |       0 |   0.0 |      33 |       0 |   0.0
            +---------+---------+-------+---------+---------+-------
        D:1 |      55 |       0 |   0.0 |      31 |       0 |   0.0
        D:2 |       4 |       0 |   0.0 |       2 |       0 |   0.0
            +---------+---------+-------+---------+---------+-------
